 Dungeon Crawl Stone Soup version 0.20.0-8-g6b59dc7 (webtiles) character file.

140 Rrauwl the Shooter (level 5, 0/29 HPs)
             Began as a Deep Elf Arcane Marksman on May 31, 2017.
             Hit by a stone thrown by a kobold (3 damage)
             ... on level 3 of the Dungeon.
             The game lasted 00:09:38 (2918 turns).

Rrauwl the Shooter (Deep Elf Arcane Marksman)       Turns: 2918, Time: 00:09:39

Health: 0/29       AC:  3    Str:  8    XL:     5   Next: 2%
Magic:  10/10      EV: 13    Int: 18    God:
Gold:   92         SH:  0    Dex: 15    Spells: 7/8 levels left

rFire    . . .     SeeInvis .   a - +0 shortbow
rCold    . . .     Gourm    .   (shield currently unavailable)
rNeg     . . .     Faith    .   e - +0 robe
rPois    .         Spirit   .   n - +1 hat
rElec    .         Reflect  .   (no cloak)
rCorr    .         Harm     .   (no gloves)
MR       .....                  (no boots)
Stlth    +.........             (no amulet)
Regen    0.1/turn               (no ring)
MPRegen  0.2/turn               (no ring)

@: very slightly contaminated
A: no striking features
a: no special abilities


You were on level 3 of the Dungeon.
You were not hungry.

You visited 1 branch of the dungeon, and saw 3 of its levels.

You collected 92 gold pieces.

Inventory:

Hand Weapons
 a - a +0 shortbow (weapon)
Armour
 e - a +0 robe (worn)
 g - a +0 plate armour
 n - a +1 hat (worn)
Wands
 d - a wand of polymorph (0/24)
Scrolls
 b - 3 scrolls of remove curse
 m - a scroll of identify {unknown}
 q - a scroll of fog {unknown}
 r - a scroll of teleportation {unknown}
 t - a scroll of enchant armour {unknown}
Potions
 o - 3 potions of resistance
Books
 c - a book of Debilitation

   Spells                             Type                      Level
   a - Corona                         Hexes                        1
   b - Slow                           Hexes                        2
   c - Inner Flame                    Hexes/Fire                   3
   d - Portal Projectile              Hexes/Translocation          3
   e - Cause Fear                     Hexes                        4
   f - Leda's Liquefaction            Hexes/Earth                  4
Comestibles
 f - a bread ration
 l - a chunk of flesh
 p - 3 royal jellies
 s - 2 fruits


   Skills:
 - Level 1.0 Fighting
 + Level 4.9 Bows
 - Level 1.0 Armour
 - Level 3.0 Dodging
 - Level 2.0 Spellcasting
 - Level 4.1 Hexes


You had 7 spell levels left.
You knew the following spells:

 Your Spells              Type           Power        Failure   Level  Hunger
a - Corona                Hex            ###....      3%          1    #......


Dungeon Overview and Level Annotations

Branches:
Dungeon (3/15)

Altars:
Uskayaw


Message History

The jackal bites you but does no damage.
As you read the scroll labeled PUIRIAZIMPE, it crumbles to dust.
It is a scroll of amnesia.
Forget which spell ([?*] list [ESC] exit)?
Forget which spell ([?*] list [ESC] exit)?
Forget which spell ([?*] list [ESC] exit)?
Okay, then.
The jackal bites you but does no damage.
Unknown command.
Unknown command.
Blink to where?
Press: ? - help, Dir - move target cursor, p - jackal You are very lightly contaminated with residual magic.
As you read the scroll labeled FALAYBUNLU, it crumbles to dust.
It was a scroll of blinking.
The kobold hits you with a whip of venom.
* * * LOW HITPOINT WARNING * * *
The orc closely misses you.
The kobold throws a stone.
The stone hits you.
You die...

#.
#######.########
#.##.......#
#.##.#####.#
#.##.# #.#
#.##h# #.#
#.##h# #.#
#.##o# #..
#...K# #..
#.@### .#
#(........
#.....####
#(.......
#(###.### #(# .#
#.# # #.#


You could see an orc, a jackal and a kobold.

Vanquished Creatures
  Ijyb (D:3)
  An adder (D:3)
  4 gnolls (D:2)
  2 worms (D:2)
  A dart slug (D:1)
  4 leopard geckos
  An orc (D:3)
  6 bats
  A giant cockroach (D:3)
  5 goblins
  7 hobgoblins
  3 jackals (D:2)
  A quokka (D:2)
  6 frilled lizards
  8 kobolds
  5 rats
56 creatures vanquished.

Notes
Turn   | Place    | Note
-------+----------+-------------------------------------------
     0 | D:1      | Rrauwl the Deep Elf Arcane Marksman began the quest for the Orb.
     0 | D:1      | Reached XP level 1. HP: 11/11 MP: 5/5
   340 | D:1      | Reached XP level 2. HP: 13/16 MP: 7/7
   375 | D:1      | Reached skill level 1 in Fighting
  1151 | D:2      | Reached XP level 3. HP: 20/20 MP: 8/8
  1804 | D:2      | Reached XP level 4. HP: 17/25 MP: 9/9
  1837 | D:2      | Reached skill level 1 in Armour
  2700 | D:3      | Noticed Ijyb
  2716 | D:3      | Killed Ijyb
  2788 | D:3      | Reached XP level 5. HP: 29/29 MP: 10/10
  2810 | D:3      | Found a hide-covered altar of Uskayaw.
  2918 | D:3      | Hit by a stone thrown by a kobold

Skill      XL: |  1  2  3  4 |
---------------+-------------+-----
Spellcasting   | 2 |  2.0
Fighting       | 1 |  1.0
Dodging        | 3 |  3.0
Bows           | 3 4 |  4.9
Armour         | 1 |  1.0
Hexes          | |  4.1

Action                   |  1- 3 |  4- 6 || total
-------------------------+-------+-------++-------
Melee: Unarmed           |     8 |    28 ||    36
       Shortbow          |       |     7 ||     7
 Fire: Shortbow          |   212 |    67 ||   279
 Cast: Corona            |     2 |       ||     2
Evoke: Wand              |       |     1 ||     1
  Use: Potion            |     1 |     6 ||     7
       Scroll            |       |     3 ||     3
  Eat: Chunk             |     3 |       ||     3
       Meat ration       |       |     1 ||     1
Armor: Plate armour      |   101 |       ||   101
       Robe              |       |    12 ||    12
       Skin              |       |     3 ||     3
Dodge: Dodged            |    12 |    72 ||    84
